PL
DETROIT RENAISSANCE @ PANAMA CITY PIRANHAS
08/06/2027
 
TOP OF THE 1ST
Detroit Renaissance batting - Pitching for Panama City Piranhas : LHP Pedro Alejándrez
Pitching: LHP Pedro Alejándrez
Batting: RHB Bernardo Herrera 0-0: Fly out, F8 (Flyball, 8LM)
Batting: LHB Yoichibei Sato 0-0: Ball
1-0: Fly out, F4 (Popup, 4S)
Batting: RHB Brent Ryan 0-0: Called Strike
0-1: Ball
1-1: Ball
2-1: Foul Ball, location: 2F
2-2: Ground out 6-3 (Groundball, 6M)
Top of the 1st over - 0 run(s), 0 hit(s), 0 error(s), 0 left on base; Detroit 0 - Panama City 0
BOTTOM OF THE 1ST
Panama City Piranhas batting - Pitching for Detroit Renaissance : LHP Todd Hines
Pitching: LHP Todd Hines
Batting: RHB Baldomero Avino 0-0: Ball
1-0: Called Strike
1-1: Ball
2-1: Ball
3-1: Swinging Strike
3-2: Strikes out looking
Batting: RHB Cale Sutton 0-0: Swinging Strike
0-1: Swinging Strike
0-2: Strikes out looking
Batting: LHB Herman Hayes 0-0: Foul Ball, location: 2F
0-1: Ball
1-1: Foul Ball, location: 2F
1-2: Foul Ball, location: 2F
1-2: Ball
2-2: Ball
3-2: SINGLE (Line Drive, 34D)
Batting: RHB Fernando Silva 0-0: Fielders Choice at 2nd, 6-4 (Groundball, 6)
Bottom of the 1st over - 0 run(s), 1 hit(s), 0 error(s), 0 left on base; Detroit 0 - Panama City 0
TOP OF THE 2ND
Detroit Renaissance batting - Pitching for Panama City Piranhas : LHP Pedro Alejándrez
Batting: LHB Juan González 0-0: Ball
1-0: Ball
2-0: Called Strike
2-1: Foul Ball, location: 2F
2-2: Foul Ball, location: 2F
2-2: Strikes out swinging
Batting: RHB Eric D'Angle 0-0: Foul Ball, location: 2F
0-1: Ball
1-1: Ball
2-1: Foul Ball, location: 2F
2-2: SINGLE (Flyball, 9LS)
Batting: LHB Cisco Padilla 0-0: Ball
1-0: Fly out, F7 (Flyball, 7D)
Batting: LHB Ray Sears 0-0: Ball
1-0: Called Strike
1-1: Ball
2-1: Fielders Choice at 2nd, 4-6 (Groundball, 4)
Top of the 2nd over - 0 run(s), 1 hit(s), 0 error(s), 0 left on base; Detroit 0 - Panama City 0
BOTTOM OF THE 2ND
Panama City Piranhas batting - Pitching for Detroit Renaissance : LHP Todd Hines
Batting: RHB Juan Jose Ayala 0-0: Ball
1-0: Swinging Strike
1-1: Ball
2-1: Foul Ball, location: 2F
2-2: Strikes out swinging
Batting: SHB Tsing Guao 0-0: Ball
1-0: Ball
2-0: Called Strike
2-1: Ground out 5-3 (Groundball, 56)
Batting: RHB Raúl Ortíz 0-0: SINGLE (Groundball, 4MD)
Batting: LHB Sergio Muńóz 0-0: Called Strike
0-1: Called Strike
0-2: Foul Ball, location: 2F
0-2: Ball
1-2: Ball
2-2: Strikes out swinging
Bottom of the 2nd over - 0 run(s), 1 hit(s), 0 error(s), 1 left on base; Detroit 0 - Panama City 0
TOP OF THE 3RD
Detroit Renaissance batting - Pitching for Panama City Piranhas : LHP Pedro Alejándrez
Batting: RHB Enrique Pérez 0-0: Foul Ball, location: 2F
0-1: Ball
1-1: Foul Ball, location: 2F
1-2: Fly out, F8 (Flyball, 8RM)
Batting: RHB Ed Whitaker 0-0: Ball
1-0: Ball
2-0: Ground out 5-3 (Groundball, 56S)
Batting: RHB Bernardo Herrera 0-0: Ball
1-0: Ball
2-0: Called Strike
2-1: Swinging Strike
2-2: Strikes out looking
Top of the 3rd over - 0 run(s), 0 hit(s), 0 error(s), 0 left on base; Detroit 0 - Panama City 0
BOTTOM OF THE 3RD
Panama City Piranhas batting - Pitching for Detroit Renaissance : LHP Todd Hines
Batting: LHB Robert Adams 0-0: Ball
1-0: Called Strike
1-1: Ball
2-1: Fly out, F9 (Flyball, 9S)
Batting: RHB Baldomero Avino 0-0: Called Strike
0-1: Ball
1-1: Ball
2-1: Ball
3-1: Fly out, F8 (Flyball, 8LD)
Batting: RHB Cale Sutton 0-0: Called Strike
0-1: Ball
1-1: Ball
2-1: Ground out 4-3 (Groundball, 4)
Bottom of the 3rd over - 0 run(s), 0 hit(s), 0 error(s), 0 left on base; Detroit 0 - Panama City 0
TOP OF THE 4TH
Detroit Renaissance batting - Pitching for Panama City Piranhas : LHP Pedro Alejándrez
Batting: LHB Yoichibei Sato 0-0: Swinging Strike
0-1: Foul Ball, location: 2F
0-2: Ball
1-2: Ground out 6-3 (Groundball, 6)
Batting: RHB Brent Ryan 0-0: Ball
1-0: DOUBLE (Line Drive, 7LM)
Batting: LHB Juan González 0-0: Called Strike
0-1: Swinging Strike
0-2: Ball
1-2: Ball
2-2: Strikes out swinging
Batting: RHB Eric D'Angle 0-0: Foul Ball, location: 2F
0-1: Fly out, F8 (Flyball, 78M)
Top of the 4th over - 0 run(s), 1 hit(s), 0 error(s), 1 left on base; Detroit 0 - Panama City 0
BOTTOM OF THE 4TH
Panama City Piranhas batting - Pitching for Detroit Renaissance : LHP Todd Hines
Batting: LHB Herman Hayes 0-0: Called Strike
0-1: Ball
1-1: Fly out, F4 (Popup, 4S)
Batting: RHB Fernando Silva 0-0: Foul Ball, location: 2F
0-1: Ball
1-1: Ball
2-1: Ground out U3 (Groundball, 3)
Batting: RHB Juan Jose Ayala 0-0: Ball
1-0: SINGLE (Groundball, 56) (infield hit)
Batting: SHB Tsing Guao 0-0: Ball
1-0: Ball
2-0: Ball
3-0: Called Strike
3-1: Foul Ball, location: 2F
3-2: Foul Ball, location: 2F
3-2: Ground out 4-3 (Groundball, 34)
Bottom of the 4th over - 0 run(s), 1 hit(s), 0 error(s), 1 left on base; Detroit 0 - Panama City 0
TOP OF THE 5TH
Detroit Renaissance batting - Pitching for Panama City Piranhas : LHP Pedro Alejándrez
Batting: LHB Cisco Padilla 0-0: Ball
1-0: Ball
2-0: Ball
3-0: Called Strike
3-1: Called Strike
3-2: Strikes out looking
Batting: LHB Ray Sears 0-0: Called Strike
0-1: Foul Ball, location: 2F
0-2: Foul Ball, location: 2F
0-2: Ball
1-2: Foul Ball, location: 2F
1-2: Foul Ball, location: 2F
1-2: Ground out 4-3 (Groundball, 4D)
Batting: RHB Enrique Pérez 0-0: Foul Ball, location: 2F
0-1: Swinging Strike
0-2: Ball
1-2: Strikes out swinging
Top of the 5th over - 0 run(s), 0 hit(s), 0 error(s), 0 left on base; Detroit 0 - Panama City 0
BOTTOM OF THE 5TH
Panama City Piranhas batting - Pitching for Detroit Renaissance : LHP Todd Hines
Batting: RHB Raúl Ortíz 0-0: Ground out 5-3 (Groundball, 56)
Batting: LHB Sergio Muńóz 0-0: Ball
1-0: Called Strike
1-1: Fly out, F4 (Popup, 34D)
Batting: LHB Robert Adams 0-0: Called Strike
0-1: Ball
1-1: Foul Ball, location: 2F
1-2: Foul Ball, location: 2F
1-2: Strikes out swinging
Bottom of the 5th over - 0 run(s), 0 hit(s), 0 error(s), 0 left on base; Detroit 0 - Panama City 0
TOP OF THE 6TH
Detroit Renaissance batting - Pitching for Panama City Piranhas : LHP Pedro Alejándrez
Batting: RHB Ed Whitaker 0-0: Ball
1-0: Called Strike
1-1: Swinging Strike
1-2: Ground out 5-3 (Groundball, 56S)
Batting: RHB Bernardo Herrera 0-0: Ball
1-0: Called Strike
1-1: Foul Ball, location: 2F
1-2: Ball
2-2: Foul Ball, location: 2F
2-2: DOUBLE (Line Drive, 7LS)
Batting: LHB Yoichibei Sato 0-0: Called Strike
0-1: Ball
1-1: SINGLE (Line Drive, 4MD)
Bernardo Herrera to third
Runner from 3rd tries for Home, SAFE, no throw
Batting: RHB Brent Ryan 0-0: Called Strike
0-1: Ball
1-1: SINGLE (Groundball, 6) (infield hit)
Yoichibei Sato to second
Batting: LHB Juan González 0-0: Ball
Yoichibei Sato steals 3rd base
Brent Ryan to second
1-0: Ball
2-0: Called Strike
2-1: Swinging Strike
2-2: Foul Ball, location: 2F
2-2: Strikes out swinging
Batting: RHB Eric D'Angle 0-0: Called Strike
0-1: Swinging Strike
0-2: Ball
1-2: Foul Ball, location: 2F
1-2: Fly out, F8 (Flyball, 8RD)
Top of the 6th over - 1 run(s), 3 hit(s), 0 error(s), 2 left on base; Detroit 1 - Panama City 0
BOTTOM OF THE 6TH
Panama City Piranhas batting - Pitching for Detroit Renaissance : LHP Todd Hines
Batting: RHB Baldomero Avino 0-0: Ball
1-0: Foul Ball, location: 2F
1-1: Ball
2-1: Called Strike
2-2: Foul Ball, location: 2F
2-2: Ball
3-2: Ground out 4-3 (Groundball, 6D)
Batting: RHB Cale Sutton 0-0: DOUBLE (Flyball, 89D)
Batting: LHB Herman Hayes 0-0: Ground out 4-3 (Groundball, 4)
Cale Sutton to third
Batting: RHB Fernando Silva 0-0: Ball
1-0: Foul Ball, location: 2F
1-1: SINGLE (Groundball, 6MD)
Cale Sutton scores
Batting: RHB Juan Jose Ayala 0-0: Fielders Choice at 2nd, 6-4 (Groundball, 6)
Bottom of the 6th over - 1 run(s), 2 hit(s), 0 error(s), 0 left on base; Detroit 1 - Panama City 1
TOP OF THE 7TH
Detroit Renaissance batting - Pitching for Panama City Piranhas : LHP Pedro Alejándrez
Pinch Hitting: RHB Jean Chamissa 0-0: DOUBLE (Line Drive, 8RM)
Batting: LHB Ray Sears 0-0: Called Strike
0-1: Called Strike
0-2: Foul Ball, location: 2F
0-2: Foul Ball, location: 2F
0-2: Ball
1-2: Foul Ball, location: 2F
1-2: Foul Ball, location: 2F
1-2: Foul Ball, location: 2F
1-2: Ball
2-2: Fly out, F2 (Popup, 25)
Pitching: RHP Anderson O'Mara
Batting: RHB Enrique Pérez 0-0: Called Strike
0-1: SINGLE (Line Drive, 56)
Jean Chamissa to third
Runner from 3rd tries for Home, SAFE, no throw
Batting: RHB Ed Whitaker 0-0: Called Strike
0-1: Foul Ball, location: 2F
0-2: Fly out, F7 (Line Drive, 7)
Batting: RHB Bernardo Herrera 0-0: Ball
1-0: SINGLE (Line Drive, 7LS)
Enrique Pérez to second
Batting: LHB Yoichibei Sato 0-0: Swinging Strike
0-1: Foul Ball, location: 2F
0-2: Strikes out looking
Top of the 7th over - 1 run(s), 3 hit(s), 0 error(s), 2 left on base; Detroit 2 - Panama City 1
BOTTOM OF THE 7TH
Panama City Piranhas batting - Pitching for Detroit Renaissance : LHP Todd Hines
Now at 1B: Gustavo Cortéz
Batting: SHB Tsing Guao 0-0: Ball
1-0: Fly out, F8 (Flyball, 8LXD)
Batting: RHB Raúl Ortíz 0-0: Ball
1-0: Foul Ball, location: 2F
1-1: Ball
2-1: Fly out, F9 (Flyball, 9LS)
Batting: LHB Sergio Muńóz 0-0: Fly out, F6 (Popup, 6MD)
Bottom of the 7th over - 0 run(s), 0 hit(s), 0 error(s), 0 left on base; Detroit 2 - Panama City 1
TOP OF THE 8TH
Detroit Renaissance batting - Pitching for Panama City Piranhas : RHP Anderson O'Mara
Batting: RHB Brent Ryan 0-0: Ball
1-0: Called Strike
1-1: Ground out 6-3 (Groundball, 56)
Batting: LHB Juan González 0-0: Swinging Strike
0-1: Called Strike
0-2: Strikes out swinging
Batting: RHB Eric D'Angle 0-0: Fly out, F5 (Popup, 5S)
Top of the 8th over - 0 run(s), 0 hit(s), 0 error(s), 0 left on base; Detroit 2 - Panama City 1
BOTTOM OF THE 8TH
Panama City Piranhas batting - Pitching for Detroit Renaissance : LHP Todd Hines
Now in CF: Greg Robinson
Batting: LHB Robert Adams 0-0: Swinging Strike
0-1: Foul Ball, location: 2F
0-2: Strikes out looking
Batting: RHB Baldomero Avino 0-0: Foul Ball, location: 2F
0-1: Ball
1-1: Foul Ball, location: 2F
1-2: Ground out 4-3 (Groundball, 6MD)
Batting: RHB Cale Sutton 0-0: Called Strike
0-1: Called Strike
0-2: Ball
1-2: Strikes out looking
Bottom of the 8th over - 0 run(s), 0 hit(s), 0 error(s), 0 left on base; Detroit 2 - Panama City 1
TOP OF THE 9TH
Detroit Renaissance batting - Pitching for Panama City Piranhas : RHP Anderson O'Mara
Pitching: RHP Edgardo Marín
Batting: LHB Gustavo Cortéz 0-0: Called Strike
0-1: Ball
1-1: Swinging Strike
1-2: Ball
2-2: Foul Ball, location: 2F
2-2: Foul Ball, location: 2F
2-2: Strikes out swinging, 2-3 out at first.
Batting: LHB Ray Sears 0-0: Ball
1-0: SINGLE (Groundball, 6D)
Batting: RHB Enrique Pérez 0-0: Ground out 5-3 (Groundball, 2L)
Ray Sears to second
Batting: RHB Ed Whitaker 0-0: Ball
1-0: Called Strike
1-1: Ball
2-1: Ground out 4-3 (Groundball, 34D)
Top of the 9th over - 0 run(s), 1 hit(s), 0 error(s), 1 left on base; Detroit 2 - Panama City 1
BOTTOM OF THE 9TH
Panama City Piranhas batting - Pitching for Detroit Renaissance : LHP Todd Hines
Batting: LHB Herman Hayes 0-0: Ball
1-0: Called Strike
1-1: Foul Ball, location: 2F
1-2: Foul Ball, location: 2F
1-2: Ball
2-2: Strikes out looking
Batting: RHB Fernando Silva 0-0: Ball
1-0: Ball
2-0: Ball
3-0: Called Strike
3-1: Called Strike
3-2: Base on Balls
Pitching: RHP Lyle Lanley
Batting: RHB Juan Jose Ayala 0-0: Fly out, F3 (Popup, 3L)
Batting: SHB Tsing Guao 0-0: SINGLE (Groundball, 6D)
Fernando Silva to second
Batting: RHB Raúl Ortíz 0-0: Foul Ball, location: 2F
0-1: Foul Ball, location: 2F
0-2: Ball
1-2: Ball
2-2: SINGLE (Line Drive, 7LM)
Fernando Silva to third
Tsing Guao to second
Runner from 3rd tries for Home, SAFE, no throw
Batting: LHB Sergio Muńóz 0-0: Ball
1-0: Ball
2-0: 3-RUN HOME RUN (Flyball, 8RXD), Distance : 433 ft
Saturday, May 26th, 2018 - OOTP Baseball 17.12 Build 75